 Dungeon Crawl Stone Soup version 0.31.0-32-g396128a36d (webtiles) character file.

Game seed: 823079387048019676

2747 Zinah the Trooper (level 9, -9/64 HPs)
             Began as an Octopode Fighter on Mar 10, 2024.
             Was an Initiate of Gozag.
             Mangled by a sixfirhy (12 damage)
             ... summoned by a kobold demonologist
             ... on level 8 of the Dungeon.
             The game lasted 00:13:38 (8065 turns).

Zinah the Trooper (Octopode Fighter)                Turns: 8065, Time: 00:13:39

Health: -9/64      AC:  1    Str: 15    XL:     9   Next: 68%
Magic:  9/9        EV: 13    Int: 20    God:    Gozag
Gold:   548        SH:  5    Dex: 12    Spells: 6/8 levels left

rFire   . .          .
                       - Unarmed
rCold   . . .        b - +0 buckler
rNeg    . . .        (helmet currently unavailable)
rPois   .            (no amulet)
rElec   .            I - +6 ring of intelligence
rCorr   .            (no ring)
SInv    .            (no ring)
Will    .....        (no ring)
Stlth   ++           (no ring)
HPRegen 0.30/turn    (no ring)
MPRegen 0.11/turn    (no ring)
                     (no ring)

%: no passive effects
@: beast-form
A: beast (slay +2), almost no armour, amphibious, 8 rings, camouflage 1,
gelatinous body 1, (nimble swimmer 1), tentacles
a: Begin Untransformation, Renounce Religion, Potion Petition, Call Merchant,
Bribe Branch


You were on level 8 of the Dungeon.
You worshipped Gozag.
Gozag was pleased with you.
You were a hulking beast.
You visited 2 branches of the dungeon, and saw 9 of its levels.

You collected 627 gold pieces.
You paid 79 gold pieces to Gozag.


Innate Abilities, Weirdness & Mutations

You are a hulking beast.
Your limbs bulge with bestial killing power. (Slay +2)
You cannot wear most types of armour.
You are amphibious.
You can wear up to eight rings at the same time.
Your skin changes colour to match your surroundings (Stealth+).
Your rubbery body absorbs attacks. (AC +1, EV +1)
((You are camouflaged when in or above water. (Stealth+)))
You have tentacles for arms and can constrict up to eight enemies at once.


   Skills:
 - Level 7.0 Fighting
 - Level 2.0 Polearms
 - Level 3.0 Dodging
 - Level 5.0 Shields
 - Level 6.0 Unarmed Combat
 + Level 6.4 Summonings
 - Level 5.0 Shapeshifting


You had 6 spell levels left.
You knew the following spells:

 Your Spells              Type           Power      Damage    Failure   Level
c - Call Imp              Summ           50%        N/A       2%          2

Your spell library contained the following spells:

 Spells                   Type           Power      Damage    Failure   Level
 Summon Small Mammal      Summ           100%       N/A       1%          1
 Apportation              Tloc           0%         N/A       24%         1
 Freeze                   Ice            0%         1d3       24%         1
 Magic Dart               Conj           0%         1d3       24%         1
 Necrotise                Necr           0%         1d4       24%         1
 Sting                    Conj/Alch      0%         1d3       24%         1
 Blink                    Tloc           0%         N/A       36%         2
 Lesser Beckoning         Tloc           0%         N/A       36%         2
 Martyr's Knell           Necr/Summ      12%        N/A       54%         4
 Frozen Ramparts          Ice            0%         1d1       58%         3
 Gell's Gravitas          Tloc           0%         N/A       58%         3
 Hailstorm                Conj/Ice       0%         3d5       58%         3
 Inner Flame              Hex/Fire       0%         N/A       58%         3
 Teleport Other           Tloc           0%         N/A       58%         3
 Vampiric Draining        Necr           0%         2d6       58%         3
 Curse of Agony           Necr           0%         N/A       100%        5
 Irradiate                Conj/Alch      0%         3d11      100%        5
 Malign Gateway           Summ/Tloc      6%         N/A       100%        7
 Ignition                 Fire           0%         3d3       100%        8
 Summon Horrible Things   Summ           12%        N/A       100%        8

Inventory:

Missiles
 g - 5 silver javelins (quivered)
Armour
 b - a +0 buckler (worn)
Jewellery
 F - a ring of fire
 I - a +6 ring of intelligence (left tentacle)
Talismans
 i - a beast talisman (active)
Wands
 a - a wand of roots (14)
 v - a wand of paralysis (2)
Scrolls
 d - a scroll of silence {!r}
 e - a scroll of identify {unknown}
 k - a scroll of brand weapon {unknown}
 m - a scroll of torment {unknown}
 p - a scroll of amnesia
 q - a scroll of acquirement {unknown}
 t - a scroll of noise {unknown}
 u - a scroll of fear {unknown}
 w - a scroll of revelation {unknown}
Potions
 c - a potion of magic {unknown}
 f - 2 potions of resistance {unknown}
 h - 3 potions of curing {@q1}
 j - a potion of cancellation {unknown}
 l - a potion of lignification {unknown}
 n - a potion of heal wounds {unknown}
 o - a potion of attraction {unknown}
 r - 2 potions of mutation {unknown}
 s - 2 potions of degeneration {unknown}

Dungeon Overview and Level Annotations

Branches:
Dungeon (8/15)             Temple (1/1) D:6
   Lair: D:8-11

Altars:
Ashenzari
Cheibriados
Dithmenos
Elyvilon
Fedhas
Gozag
Hepliaklqana
Kikubaaqudgha
Makhleb
Nemelex Xobeh
Okawaru
Qazlal
Ru
Trog
Uskayaw
Vehumet
Wu Jian
Xom
Yredelemnul
Zin
The Shining One

Annotations:
D:6 1 runed translucent door, Crazy Yiuf

#############
#...........#
#...#######.#
#.h.# #.#
▒3K4▒ #.#####
▒...▒ #.....#
▒.▒.▒.
#..##.##.
▒.▒▒▒▒▒.
####..#.....
▒▒
▒▒#........#>.
###....#.#.#
###........#.#
#.#.#........#


You could see a kobold demonologist, a sixfirhy (summoned) and a chaos spawn
(summoned).


Message History

Found a stone staircase leading down.
You hear the faint creaking of a very distant portcullis.
A kobold demonologist comes into view. It is wielding a +0 dagger.
A kobold demonologist is nearby!
A kobold demonologist is nearby!
Unknown command.
The kobold demonologist shouts!
The kobold demonologist casts a spell.
The kobold demonologist mumbles some strange words.
Unknown command.
You tentacle-slap the kobold demonologist.
You grab the kobold demonologist. You squeeze the kobold demonologist.
The kobold demonologist is lightly wounded.
You constrict the kobold demonologist, but do no damage.
You block the sixfirhy's attack. x2; The sixfirhy barely misses you.
The kobold demonologist hits you with a +0 dagger.
The chaos spawn misses you.
You tentacle-slap the kobold demonologist but do no damage.
You squeeze the kobold demonologist.
The kobold demonologist is lightly wounded.
You constrict the kobold demonologist. The sixfirhy hits you!
The sixfirhy shocks you! The sixfirhy barely misses you. The sixfirhy hits you!
* * * LOW HITPOINT WARNING * * *
The sixfirhy shocks you!
* * * LOW HITPOINT WARNING * * *
The sixfirhy hits you!
* * * LOW HITPOINT WARNING * * *
The sixfirhy shocks you!
You die...
Your body crumbles into a pile of gold.

Skill      XL: |  1  2  3  4  5  6  7  8  9 |
---------------+----------------------------+-----
Fighting       | 4 5 7 |  7.0
Summonings     | 1 2 4 5 6 |  6.4
Shapeshifting  | 1 3 5 |  5.0
Shields        | 4 5 |  5.0
Unarmed Combat | 1 6 |  6.0
Polearms       | |  2.0
Dodging        | |  3.0

Action                     |  1- 3 |  4- 6 |  7- 9 || total
---------------------------+-------+-------+-------++-------
  Melee: Trident           |    62 |    89 |   168 ||   319
         Constrict         |    12 |    16 |    65 ||    93
         Tentacles         |    12 |    11 |    65 ||    88
         Punch             |       |     1 |     5 ||     6
         Unarmed           |       |       |   101 ||   101
  Throw: Javelin           |       |     6 |     7 ||    13
   Cast: Call Imp          |       |       |     8 ||     8
  Evoke: Wand              |       |       |     3 ||     3
    Use: Potion            |       |     1 |     2 ||     3
         Scroll            |       |     2 |     7 ||     9
   Stab: Sleeping          |    10 |     7 |     6 ||    23
         Distracted        |       |       |     5 ||     5
         Paralysed         |       |       |     3 ||     3
 Armour: Skin              |    10 |    25 |   111 ||   146
  Dodge: Dodged            |    18 |    40 |    98 ||   156
  Block: Buckler           |     4 |    15 |    52 ||    71
   Form: Beast             |     1 |       |       ||     1

Levels and vault maps discovered:
D:1:      matt_arrival_refuge, layout_basic
D:2:      layout_basic, grunt_ministairs_6, guppyfry_early_orc_mine,
          uniq_sigmund
D:3:      layout_basic, nzn_wu_jian_contemplation, uniq_grinder
D:4:      layout_loops_ring, nicolae_overflow_squiral, uniq_robin
D:5:      nicolae_cairo_tiling_large_dashed, layout_loops_ring,
          nicolae_wormholes
D:6:      layout_rooms, mainiacjoe_overflow_six_doors_small,
          minmay_temple_entry_trees, serial_curves, eino_curves_04,
          eino_curves_01, eino_curves_02, minmay_bent, uniq_crazy_yiuf_cottage,
          uniq_jeremiah
D:7:      layout_basic
D:8:      layout_basic, minmay_lair_entry_grove, enter_bailey_5,
          nicolae_hexahallways, minmay_gold_behind_fungi,
          serial_library_hellmonk_narrow_alcove, kb_rosetta
Temple:   minmay_temple_bridge_d

Notes
Turn   | Place    | Note
-------+----------+-------------------------------------------
     0 | D:1      | Zinah the Octopode Fighter began the quest for the Orb.
     0 | D:1      | Reached XP level 1. HP: 16/16 MP: 1/1
   169 | D:1      | Reached XP level 2. HP: 21/21 MP: 2/2
   548 | D:1      | Reached skill level 4 in Fighting
   548 | D:1      | Reached XP level 3. HP: 27/27 MP: 3/3
   677 | D:1      | Learned a level 2 spell: Call Imp
   986 | D:2      | Reached skill level 1 in Summonings
   986 | D:2      | Reached XP level 4. HP: 29/34 MP: 4/4
  1173 | D:2      | Noticed Sigmund
  1193 | D:2      | Killed Sigmund
  1194 | D:2      | Reached skill level 2 in Summonings
  1194 | D:2      | Reached skill level 1 in Shapeshifting
  1194 | D:2      | Reached XP level 5. HP: 33/38 MP: 5/5
  1194 | D:2      | Reached XP level 6. HP: 39/45 MP: 6/6
  1294 | D:2      | Reached skill level 5 in Fighting
  1294 | D:2      | Reached skill level 2 in Shapeshifting
  2211 | D:3      | Noticed Grinder
  2311 | D:3      | Found an ornate altar of the Wu Jian Council.
  2474 | D:3      | Reached skill level 4 in Shields
  2493 | D:3      | Killed Grinder
  2494 | D:3      | Reached skill level 4 in Summonings
  2494 | D:3      | Reached skill level 3 in Shapeshifting
  2494 | D:3      | Reached XP level 7. HP: 40/50 MP: 7/7
  2992 | D:4      | Noticed Robin
  2998 | D:4      | Killed Robin
  3063 | D:4      | Found a blossoming altar of Fedhas.
  3066 | D:4      | Found a basalt altar of Yredelemnul.
  3109 | D:4      | HP: 4/50 [ogre/+0 giant club (24)]
  3111 | D:4      | Reached skill level 5 in Shields
  3111 | D:4      | Reached skill level 5 in Summonings
  3111 | D:4      | Reached skill level 1 in Unarmed Combat
  3355 | D:4      | Reached XP level 8. HP: 25/55 MP: 8/8
  3639 | D:4      | Reached skill level 2 in Unarmed Combat
  3836 | D:5      | Entered Level 5 of the Dungeon
  3843 | D:5      | Reached skill level 3 in Unarmed Combat
  4477 | D:5      | Reached skill level 4 in Unarmed Combat
  4997 | D:5      | Reached skill level 5 in Unarmed Combat
  5509 | D:6      | HP: 2/55 [something (6)]
  5655 | D:6      | Reached skill level 6 in Unarmed Combat
  5959 | D:6      | Found a broken altar of Ashenzari.
  5964 | D:6      | Found a staircase to the Ecumenical Temple.
  5977 | D:6      | Noticed Jeremiah
  5983 | D:6      | Reached skill level 4 in Shapeshifting
  5985 | Temple   | Entered the Ecumenical Temple
  6274 | Temple   | Became a worshipper of Gozag Ym Sagoz the Greedy
  6417 | D:6      | Killed Jeremiah
  6418 | D:6      | Reached skill level 5 in Shapeshifting
  6418 | D:6      | Reached XP level 9. HP: 21/61 MP: 9/9
  6710 | D:6      | Reached skill level 6 in Fighting
  6891 | D:6      | Found a runed translucent door.
  6892 | D:6      | Noticed Crazy Yiuf
  7715 | D:7      | Reached skill level 7 in Fighting
  7715 | D:7      | Reached skill level 6 in Summonings
  8060 | D:8      | Noticed a kobold demonologist
  8063 | D:8      | Noticed a sixfirhy
  8065 | D:8      | HP: 3/64 [sixfirhy[a kobold demonologist] (14)]
  8065 | D:8      | Mangled by a sixfirhy

Vanquished Creatures
  Jeremiah (D:6)
  Grinder (D:3)
  Sigmund (D:2)
  A water moccasin (D:8)
  A sky beast (D:6)
  A black bear (D:4)
  2 ogres
  A centaur (D:7)
  A phantom (D:4)
  A kobold brigand (D:7)
  2 bullfrogs (D:7)
  A gnoll sergeant (D:6)
  3 scorpions
  3 wights (D:7)
  A bombardier beetle (D:5)
  2 jellies
  2 orc priests
  5 hounds
  A gnoll bouda (D:5)
  2 iguanas
  2 sleepcaps (D:4)
  3 orc wizards
  Robin (D:4)
  12 gnolls
  10 adders
  2 shadow imps
  2 white imps
  2 ufetubi (D:6)
  A dart slug (D:4)
  6 ribbon worms
  15 orcs
  9 endoplasms
  2 giant cockroaches
  11 goblins
  8 hobgoblins
  12 jackals
  9 quokkas
  3 ball pythons
  8 bats
  6 frilled lizards
  9 kobolds
  3 rats
169 creatures vanquished.

Vanquished Creatures (collateral kills)
  3 gnolls (D:5)
3 creatures vanquished.

Grand Total: 172 creatures vanquished

Table legend: (Time is in decaauts)
 A = Elapsed time spent in this place.
 B = Non-inter-level travel time spent in this place.
 C = Inter-level travel time spent in this place.
 D = Time resting spent in this place.
 E = Time spent auto-exploring this place.
 F = Levels seen in this place.
 G = Mean time per level.
                   A        B        C        D        E       F      G
               +--------+--------+--------+--------+--------+-----+--------+
         Total |   8145 |   7743 |    402 |   1732 |   4716 |   9 |  905.0 |
       Dungeon |   7504 |   7255 |    249 |   1256 |   4714 |   8 |  938.0 |
        Temple |    641 |    488 |    153 |    476 |      2 |   1 |  641.0 |
               +--------+--------+--------+--------+--------+-----+--------+

Top non-repeatable levels by time:
     D:4: 1618 daAuts
     D:5: 1146 daAuts
     D:6: 1110 daAuts
     D:2: 918 daAuts
     D:3: 913 daAuts
     D:1: 869 daAuts
     D:7: 756 daAuts
  Temple: 641 daAuts
     D:8: 170 daAuts

Table legend:
 A = Non-vault XP
 B = Vault XP
 C = Vault XP percentage of total XP
 D = Non-vault monster count
 E = Vault monster count
 F = Vault count percentage of total count
                 A         B        C        D         E       F
            +---------+---------+-------+---------+---------+-------
      Total |    2541 |    1384 |  35.3 |     137 |      35 |  20.3
            +---------+---------+-------+---------+---------+-------
        D:1 |      38 |       0 |   0.0 |      18 |       0 |   0.0
        D:2 |      92 |     253 |  73.3 |      17 |      13 |  43.3
        D:3 |     105 |     277 |  72.5 |      21 |       1 |   4.5
        D:4 |     557 |      27 |   4.6 |      26 |       7 |  21.2
        D:5 |     513 |       4 |   0.8 |      27 |       1 |   3.6
        D:6 |     322 |     761 |  70.3 |      11 |      10 |  47.6
        D:7 |     767 |       4 |   0.5 |      16 |       1 |   5.9
        D:8 |     147 |       0 |   0.0 |       1 |       0 |   0.0
     Temple |       0 |      58 | 100.0 |       0 |       2 | 100.0
            +---------+---------+-------+---------+---------+-------
